 Dungeon Crawl Stone Soup version 0.22-a0-284-g99d1f74 (webtiles) character file.

14 4thArraOfDagon the Slasher (level 2, -2/22 HPs)
             Began as a Formicid Warper on Mar 20, 2018.
             Slain by a goblin
             ... wielding a +0 dagger
              (3 damage)
             ... on level 1 of the Dungeon.
             The game lasted 00:00:39 (144 turns).

4thArraOfDagon the Slasher (Formicid Warper)         Turns: 144, Time: 00:00:39

Health: -2/22      AC:  3    Str: 15    XL:     2   Next: 55%
Magic:  5/5        EV: 11    Int: 12    God:
Gold:   0          SH:  0    Dex: 10    Spells: 5/5 levels left

rFire    . . .     SeeInvis +   a - +0 falchion
rCold    . . .     Gourm    .   (no shield)
rNeg     . . .     Faith    .   b - +0 leather armour
rPois    .         Spirit   .   (helmet unavailable)
rElec    .         Reflect  .   (no cloak)
rCorr    .         Harm     .   (no gloves)
MR       .....                  (no boots)
Stlth    +.........             (no amulet)
HPRegen  0.07/turn              (no ring)
MPRegen  0.09/turn              (no ring)

@: no status effects
A: permanent stasis, dig shafts and tunnels, four strong arms, antennae 3
a: Dig, Shaft Self


You were on level 1 of the Dungeon.
You were not hungry.

You visited 1 branch of the dungeon, and saw 1 of its levels.

Inventory:

Hand Weapons
 a - a +0 falchion (weapon)
Missiles
 e - 5 tomahawks of dispersal (quivered)
Armour
 b - a +0 leather armour (worn)
Scrolls
 c - a scroll of magic mapping {unknown}
 d - a scroll of blinking
Potions
 g - a potion of degeneration {unknown}
 h - a potion of resistance {unknown}
Comestibles
 f - 2 rations


   Skills:
 - Level 2.1 Fighting
 * Level 3.0 Long Blades
 - Level 1.0 Throwing
 - Level 1.1 Armour
 - Level 1.7 Dodging
 - Level 2.1 Spellcasting
   Level 2.6 Translocations


You had 5 spell levels left.
You didn't know any spells.

Dungeon Overview and Level Annotations

Branches:
Dungeon (1/15)

Altars:


Innate Abilities, Weirdness & Mutations

You cannot be hasted, slowed, berserked, paralysed or teleported.
You can dig through walls and to a lower floor.
Your four strong arms can wield two-handed weapons with a shield.
You have a pair of large antennae on your head. (SInv)


Message History

The goblin shouts!
The kobold throws a stone.
The stone barely misses you.
Found a ration.
A hobgoblin comes into view. It is wielding a club.
The hobgoblin shouts!
Unknown command.
Unknown command.
You hit the kobold.
You kill the kobold!
The goblin hits you but does no damage.
You closely miss the goblin. The goblin hits you with a dagger.
You closely miss the goblin. The goblin hits you with a dagger. x2
You closely miss the goblin. The goblin hits you with a dagger.
* * * LOW HITPOINT WARNING * * *
You barely miss the goblin. The goblin hits you with a dagger.
* * * LOW HITPOINT WARNING * * *
You closely miss the goblin. The goblin hits you with a dagger.
* * * LOW HITPOINT WARNING * * *
You hit the goblin but do no damage. The goblin hits you with a dagger.
You die...

### #.# ### ..# #... #.#
#.## #. #.# #.## #. #.#
#.## ##.##@# #.##
...#g#############.##
#..#g.........)......
#..#.###....######.##
##..#.# #....# #.##
###..g.>###....#### #.##
..........(....(.......##
...g....########.########
........# .# #


You could see a hobgoblin and a goblin.

Vanquished Creatures
  A dart slug (D:1)
  A bat (D:1)
  2 goblins (D:1)
  A hobgoblin (D:1)
  2 frilled lizards (D:1)
  5 kobolds (D:1)
12 creatures vanquished.

Notes
Turn   | Place    | Note
-------+----------+-------------------------------------------
     0 | D:1      | 4thArraOfDagon the Formicid Warper began the quest for the Orb.
     0 | D:1      | Reached XP level 1. HP: 16/16 MP: 3/3
    60 | D:1      | Reached XP level 2. HP: 20/22 MP: 5/5
   117 | D:1      | Reached skill level 3 in Long Blades
   143 | D:1      | HP: 1/22 [goblin/dagger (1)]
   144 | D:1      | Slain by a goblin

Vault maps used:
D:1:      dpeg_arrival_three_bigger_balls, minmay_gold_behind_fungi

Skill      XL: |  1  2 |
---------------+-------+-----
Long Blades    | 3 |  3.0
Fighting       | |  2.1
Throwing       | |  1.0
Armour         | |  1.1
Dodging        | |  1.7
Spellcasting   | |  2.1
Translocations | |  2.6

Action                   || total
-------------------------++-------
Melee: Falchion          ||    29
 Abil: Dig               ||     4
 Stab: Sleeping          ||     1
Armor: Leather armour    ||     6
Dodge: Dodged            ||    14
       Rpst.: Falchion   ||     5

Table legend:
 A = Spawn XP
 B = Non-spawn XP
 C = Spawn XP percentage of total XP
 D = Spawn monster count
 E = Non-spawn monster count
 F = Spawn count percentage of total count
 G = Total turns spent on level
                    A         B        C        D         E        F      G
               +---------+---------+-------+---------+---------+-------+---------
         Total |       0 |      20 |   0.0 |       0 |      12 |   0.0 |   144
               +---------+---------+-------+---------+---------+-------+---------
           D:1 |       0 |      20 |   0.0 |       0 |      12 |   0.0 |   144
               +---------+---------+-------+---------+---------+-------+---------
